 Dungeon Crawl Stone Soup version 0.21.0 (webtiles) character file.

12 Jinx the Grave Robber (level 2, -7/21 HPs)
             Began as a Mummy Necromancer on May 19, 2018.
             Mangled by an ogre
             ... wielding a +0 giant club
              (24 damage)
             ... on level 1 of the Dungeon.
             The game lasted 00:02:50 (1005 turns).

Jinx the Grave Robber (Mummy Necromancer)           Turns: 1005, Time: 00:02:50

Health: -7/21      AC:  2    Str: 11    XL:     2   Next: 20%
Magic:  0/5        EV: 11    Int: 14    God:
Gold:   80         SH:  3    Dex: 12    Spells: 5/6 levels left

rFire    x . .     SeeInvis .   (no weapon)
rCold    + . .     Gourm    .   d - +0 buckler
rNeg     + + +     Faith    .   a - +0 robe
rPois    ∞         Spirit   .   (no helmet)
rElec    .         Reflect  .   (no cloak)
rCorr    .         Harm     .   (no gloves)
MR       .....                  (no boots)
Stlth    ++........             (no amulet)
HPRegen  0.07/turn              (no ring)
MPRegen  0.09/turn              (no ring)

@: no status effects
A: no food or potions, fire vulnerability, cold resistance 1, negative energy
resistance 3, torment resistance, unbreathing
a: no special abilities


You were on level 1 of the Dungeon.
You were not hungry.

You visited 1 branch of the dungeon, and saw 2 of its levels.

You collected 80 gold pieces.

Inventory:

Armour
 a - a +0 robe (worn)
 d - a +0 buckler (worn)
Scrolls
 c - a scroll of amnesia {unknown}
 e - a scroll of remove curse {unknown}
 f - a scroll of magic mapping {unknown}
Books
 b - a book of Necromancy

   Spells                             Type                      Level
   a - Pain                           Necromancy                   1
   b - Animate Skeleton               Necromancy                   1
   c - Vampiric Draining              Necromancy                   3
   d - Regeneration                   Charms/Necromancy            3
   e - Animate Dead                   Necromancy                   4
   f - Borgnjor's Vile Clutch         Necromancy/Earth             5


   Skills:
 + Level 1.0 Fighting
 - Level 1.5 Dodging
 - Level 1.5 Stealth
 * Level 0.2 Shields
 - Level 2.7 Spellcasting
 + Level 4.2 Necromancy


You had 5 spell levels left.
You knew the following spells:

 Your Spells              Type           Power        Failure   Level  Hunger
a - Pain                  Necr           ##..         6%          1    N/A

Dungeon Overview and Level Annotations

Branches:
Dungeon (2/15)

Altars:


Innate Abilities, Weirdness & Mutations

You do not eat or drink.
Your flesh is vulnerable to fire.
You are immune to poison.
Your flesh is cold resistant. (rC+)
You are immune to negative energy. (rN+++)
You are immune to unholy pain and torment.
You can survive without breathing.


Message History

a short sword; 5 stones; 2 inedible chunks of flesh
There is a stone staircase leading up here.
The ogre closely misses you.
You climb upwards.
There is a stone staircase leading down here.
Your magical contamination has completely faded away.
Casting: Pain
Confirm with . or Enter, or press ? or * to list all spells.
Aiming: Pain
Press: ? - help, Shift-Dir - straight line, f - ogre
Aim: an ogre, wielding a giant club (severely wounded, chance to defeat MR: 70%)
The ogre struggles to resist.
The ogre hits you with a giant club.
Casting: Pain
Confirm with . or Enter, or press ? or * to list all spells.
Aiming: Pain
Press: ? - help, Shift-Dir - straight line, f/p - ogre
Aim: an ogre, wielding a giant club (severely wounded, chance to defeat MR: 70%)
The ogre writhes in agony!
The ogre hits you with a giant club!!
Ouch! That really hurt!
You die...

.....'....>.....#.#
.....'..#.#.###.#.##########
..######...## #.#......!...#
#####.#.#.## #.##########.#
##.##..##.# #..# #.#
#.##.###.# ##.# #.# ##.##.#
#.# #.# #.# #.....# #.# #O#
#.# #..#### #.# #@# #.#
#..######.######.#########.#
#..##.....#.............†..#
#..##.#####)####.###########
#..##.#####.####.#
#..##............#
#.###.#####.####.# #.# #.#
#.# #.# #.# #.# #.####.#


You could see an ogre.

Vanquished Creatures
  2 goblins (D:1)
  3 hobgoblins (D:1)
  2 kobolds
  A bat (D:1)
  2 frilled lizards (D:1)
  2 rats (D:1)
12 creatures vanquished.

Notes
Turn   | Place    | Note
-------+----------+-------------------------------------------
     0 | D:1      | Jinx the Mummy Necromancer began the quest for the Orb.
     0 | D:1      | Reached XP level 1. HP: 13/13 MP: 4/4
   578 | D:1      | Reached XP level 2. HP: 20/20 MP: 1/5
   654 | D:1      | Reached skill level 1 in Fighting
   970 | D:2      | Noticed an ogre
  1005 | D:1      | Mangled by an ogre

Skill      XL: |  1  2 |
---------------+-------+-----
Fighting       | 1 |  1.0
Dodging        | |  1.5
Stealth        | |  1.5
Shields        | |  0.2
Spellcasting   | |  2.7
Necromancy     | |  4.2

Action                   || total
-------------------------++-------
Melee: Unarmed           ||    24
 Cast: Pain              ||    26
Armor: Robe              ||     8
Dodge: Dodged            ||    24
Block: Buckler           ||     1
